 Dungeon Crawl Stone Soup version 0.19-b1-3-g7dea586 (webtiles) character file.

107 Chiseanne the Magician (level 4, 30/30 HPs)
             Began as a Demonspawn Wizard on Oct 28, 2016.
             Quit the game on level 2 of the Dungeon.
             The game lasted 00:05:04 (2016 turns).

Chiseanne the Magician (Demonspawn Wizard)          Turns: 2016, Time: 00:05:05

Health: 30/30      AC:  9    Str:  7    XL:     4   Next: 56%
Magic:  10/10      EV: 12    Int: 20    God:
Gold:   69         SH:  2    Dex: 12    Spells: 4 memorised, 2 levels left

rFire  . . .     SeeInvis .     a - +2 dagger (venom)
rCold  . . .     Gourm    .     o - +0 robe
rNeg   . . .     Faith    .     (no shield)
rPois  .         Spirit   .     b - +0 hat
rElec  .         Reflect  +     (no cloak)
rCorr  .         Harm     .     (no gloves)
MR     .....                    (no boots)
Stlth  ++........               h - +2 amulet of reflection
                                (no ring)
                                k - +5 ring of protection

@: no status effects
A: talons 1, thin metallic scales 1, spiny 1
a: no special abilities


You were on level 2 of the Dungeon.
You were not hungry.

You visited 1 branch of the dungeon, and saw 2 of its levels.

You collected 69 gold pieces.

Inventory:

Hand Weapons
 a - a +2 dagger of venom (weapon)
Missiles
 g - 138 stones (quivered)
 j - 28 poisoned needles
 q - 36 arrows
Armour
 b - a +0 hat (worn)
 o - a +0 robe (worn)
 r - a +0 helmet
Jewellery
 h - a +2 amulet of reflection (around neck)
 k - a +5 ring of protection (left hand)
Scrolls
 s - a scroll of remove curse
Potions
 i - 2 potions of berserk rage
 m - a potion of cancellation {unknown}
 n - a potion of brilliance {unknown}
Books
 c - a book of Minor Magic

   Spells                             Type                      Level
   a - Magic Dart                     Conjuration                  1
   b - Blink                          Translocation                2
   c - Call Imp                       Summoning                    2
   d - Repel Missiles                 Charms/Air                   2
   e - Slow                           Hexes                        2
   f - Conjure Flame                  Conjuration/Fire             3
   g - Mephitic Cloud                 Conjuration/Poison/Air       3
Comestibles
 d - 2 bread rations
 f - a meat ration


   Skills:
 - Level 1.7 Dodging
 - Level 1.7 Stealth
 * Level 4.2 Spellcasting
 * Level 3.1 Conjurations
   Level 1.0 Summonings
 - Level 0.8 Translocations


You had 2 spell levels left.
You knew the following spells:

 Your Spells              Type           Power        Failure   Level  Hunger
a - Magic Dart            Conj           ###.         3%          1    None
b - Blink                 Tloc           N/A          17%         2    #......
c - Conjure Flame         Conj/Fire      ##......     21%         3    ###....
d - Mephitic Cloud        Conj/Pois/Air  #.......     24%         3    ###....


Dungeon Overview and Level Annotations

Branches:
Dungeon (2/15)

Altars:
Uskayaw


Innate Abilities, Weirdness & Mutations

You have sharp toenails.
You are partially covered in thin metallic scales. (AC +2)
You are partially covered in sharp spines.


Message History

That beam is likely to hit you.
Continue anyway? [Y]es or [N]o only, please.
That beam is likely to hit you.
Continue anyway?
Okay, then.
All of the chunks of flesh in your inventory have rotted away.
There is a stone staircase leading up here.
Done exploring.
As you read the scroll labeled ZAATEU SAXTOAPTE, it crumbles to dust.
You assume a fearsome visage.
Nothing appears to happen.
It was a scroll of fear.
Unknown command.
As you read the scroll labeled QOFEZUI SAONU, it crumbles to dust.
It is a scroll of recharging.
You aren't carrying any rechargeable items.
As you read the scroll labeled ZEYNEL GOMO, it crumbles to dust.
You feel blessed for a moment.
It was a scroll of remove curse.
As you read the scroll labeled YME BODEXE, it crumbles to dust.
It is a scroll of identify.
i - 2 potions of berserk rage Are you sure you want to abandon this character and quit the game? (Confirm with "yes".)

#####..#######..#
#.
##.......#.#####.
#.####........#.
#.# #..........
##.# #........##
#<.######.######
#.........#
###.#########
#.@.# #####


There were no monsters in sight!

Vanquished Creatures
  Robin (D:2)
  3 adders (D:2)
  A worm (D:2)
  A dart slug (D:1)
  A leopard gecko (D:2)
  2 giant cockroaches
  18 goblins
  7 hobgoblins
  3 jackals (D:2)
  9 bats
  2 frilled lizards (D:2)
  6 kobolds
  4 rats
58 creatures vanquished.

Notes
Turn   | Place    | Note
-------+----------+-------------------------------------------
     0 | D:1      | Chiseanne the Demonspawn Wizard began the quest for the Orb.
     0 | D:1      | Reached XP level 1. HP: 13/13 MP: 4/4
   282 | D:1      | Gained mutation: You are partially covered in thin metallic scales. (AC +2) [demonic ancestry]
   282 | D:1      | Reached XP level 2. HP: 19/19 MP: 1/6
   333 | D:1      | Learned a level 2 spell: Blink
  1074 | D:2      | Gained mutation: You have sharp toenails. [demonic ancestry]
  1074 | D:2      | Reached XP level 3. HP: 24/24 MP: 4/8
  1179 | D:2      | Learned a level 3 spell: Conjure Flame
  1183 | D:2      | Learned a level 3 spell: Mephitic Cloud
  1205 | D:2      | Found a hide-covered altar of Uskayaw.
  1367 | D:2      | Noticed Robin
  1377 | D:2      | Killed Robin
  1377 | D:2      | Gained mutation: You are partially covered in sharp spines. [demonic ancestry]
  1377 | D:2      | Reached XP level 4. HP: 27/30 MP: 1/9
  1380 | D:2      | Reached skill level 4 in Spellcasting
  2016 | D:2      | Quit the game

Skill      XL: |  1  2  3  4 |
---------------+-------------+-----
Conjurations   | 2 3 |  3.1
Spellcasting   | 4 |  4.2
Dodging        | |  1.7
Stealth        | |  1.7
Summonings     | |  1.0
Translocations | |  0.8

Action                   |  1- 3 |  4- 6 || total
-------------------------+-------+-------++-------
Melee: Dagger            |    28 |    20 ||    48
       Kick              |     3 |     7 ||    10
 Cast: Magic Dart        |    68 |    17 ||    85
  Use: Scroll            |       |     4 ||     4
 Stab: Sleeping          |     2 |       ||     2
  Eat: Chunk             |     1 |     2 ||     3
Armor: Robe              |     6 |     5 ||    11
Dodge: Dodged            |    20 |    10 ||    30
Block: Other             |     7 |     3 ||    10
       Reflection        |       |     1 ||     1
